 Dungeon Crawl Stone Soup version 0.24-a0-619-gb7544fd (webtiles) character file.

Game seed: 3604586172431379884, levelgen mode: deterministic

1671 BoppinsLewinski the Spear-Bearer (level 8, 0/63 HPs)
             Began as a Centaur Fighter on Sept 16, 2019.
             Was an Initiate of Okawaru.
             Slain by a wyvern (12 damage)
             ... on level 6 of the Dungeon.
             The game lasted 00:14:27 (4675 turns).

BoppinsLewinski the Spear-Bearer (Centaur Fighter)  Turns: 4675, Time: 00:14:27

Health: 0/63       AC: 13    Str: 21    XL:     8   Next: 70%
Magic:  8/8        EV:  3    Int:  7    God:    Okawaru [......]
Gold:   94         SH: 10    Dex:  9    Spells: 7/7 levels left

rFire    + . .     SeeInvis .   a - +0 trident
rCold    . . .     Gourm    .   j - +2 shield
rNeg     . . .     Faith    .   n - +3 chain mail {rF+}
rPois    +         Spirit   .   (no helmet)
rElec    .         Reflect  .   r - +2 cloak {rPois}
rCorr    .         Harm     .   (no gloves)
MR       .....                  (no barding)
Stlth    ..........             (no amulet)
HPRegen  0.20/turn              (no ring)
MPRegen  0.11/turn              (no ring)

@: hasted, very quick
A: large, hooves 3, deformed body, speed 2, tough skin 3
a: Renounce Religion


You were on level 6 of the Dungeon.
You worshipped Okawaru.
Okawaru was noncommittal.
You were not hungry.

You visited 2 branches of the dungeon, and saw 7 of its levels.

You collected 279 gold pieces.
You spent 185 gold pieces at shops.

Inventory:

Hand Weapons
 a - a +0 trident (weapon)
 d - a +0 halberd
Armour
 b - a +0 scale mail
 j - a +2 shield (worn)
 n - a +3 chain mail of fire resistance (worn)
 r - a +2 cloak of poison resistance (worn)
Wands
 t - a wand of clouds (5)
Scrolls
 e - a scroll of immolation {unknown}
 g - 6 scrolls of identify {unknown}
 i - a scroll of blinking {unknown}
 k - 2 scrolls of fear {unknown}
 l - a scroll of amnesia {unknown}
 m - 2 scrolls of fog {unknown}
 o - 4 scrolls of remove curse
 p - 3 scrolls of random uselessness {unknown}
 u - a scroll of enchant weapon {unknown}
 v - 2 scrolls of magic mapping {unknown}
 w - a scroll of brand weapon {unknown}
Potions
 c - 4 potions of brilliance
 h - a potion of curing
 q - a potion of haste
 s - a potion of agility {unknown}
Comestibles
 f - 6 rations


   Skills:
 + Level 3.1 Fighting
 + Level 10.1 Polearms
 + Level 2.3 Armour
 + Level 2.3 Shields
 + Level 0.8 Invocations
 + Level 0.5 Evocations


You had 7 spell levels left.
You didn't know any spells.
Your spell library contained the following spells:

 Spells                   Type           Power        Failure   Level  Hunger
 Corona                   Hex            #......      100%        1    ##.....
 Ensorcelled Hibernation  Hex/Ice        #.....       100%        2    ###....
 Confuse                  Hex            #.......     100%        3    ####...
 Dazzling Spray           Conj/Hex       #.....       100%        3    ####...
 Tukima's Dance           Hex            #.......     100%        3    ####...


Dungeon Overview and Level Annotations

Branches:
Dungeon (6/15)             Temple (1/1) D:5

Altars:
Cheibriados
Dithmenos
Elyvilon
Fedhas
Kikubaaqudgha
Okawaru
Qazlal
Sif Muna
Trog
Uskayaw
Vehumet
Xom
The Shining One

Shops:
D:4 *


Innate Abilities, Weirdness & Mutations

You have hooves in place of feet.
Armour fits poorly on your strangely shaped body.
You cover ground very quickly.
You have extremely tough skin. (AC +3)


Message History

Tha wyvern be severely wounded.
Tha wyvern bites ye but does nay damage. x2
Ye barely miss tha wyvern.
Tha wyvern be severely wounded.
Ye block tha wyvern's attack.
Ye closely miss tha wyvern.
Tha wyvern be severely wounded.
Tha wyvern bites ye but does nay damage.
Tha wyvern bites ye!
Ye be too injured ta fight recklessly!
Ye feel better.
Tha wyvern bites ye!
Ye be too injured ta fight recklessly!
Ye be too injured ta fight recklessly!
Ye puncture tha wyvern!
Yer kick misses tha wyvern.
Tha wyvern be almost dead.
Tha wyvern bites ye!
* * * LOW HITPOINT WARNIN'
* * * It was a potion o' haste.
Ye feel yerself speed up.
Tha wyvern barely misses ye.
Tha wyvern bites ye!
Ye die...

#######..# #...##...#
#..## ##........# ##
##..###.......... (##
#..##...######.. ..#
##.....## ..# ##...##
..# ##...## ..#
##...######... ..#
##...@l(....# ..#
###......### ..#
########
..###################
###
.....#...#.#............
....##>.##....###.###.#
#..###..#..........>..#
#...#................#
#.......##.....##...##


You could see a wyvern.

Vanquished Creatures
  Sigmund (D:4)
  Edmund (D:4)
  3 phantoms
  A necrophage (D:5)
  2 ogres
  A centaur (D:6)
  A big kobold (D:4)
  A bullfrog (D:6)
  A bullfrog zombie (D:5)
  An orc priest (D:5)
  6 hounds
  3 orc wizards
  5 worker ants
  A hound skeleton (D:4)
  5 adders
  6 gnolls
  3 oozes
  2 worms (D:2)
  3 dart slugs
  3 leopard geckos
  11 orcs
  A ball python (D:1)
  10 bats
  8 giant cockroaches
  7 goblins
  7 hobgoblins
  6 jackals
  3 quokkas
  A ball python zombie (D:5)
  8 frilled lizards
  3 giant cockroach zombies (D:5)
  11 kobolds
  A leopard gecko skeleton (D:4)
  4 rats
131 creatures vanquished.

Vanquished Creatures (others)
  An orc wizard (D:4)
1 creature vanquished.

Grand Total: 132 creatures vanquished

Notes
Turn   | Place    | Note
-------+----------+-------------------------------------------
     0 | D:1      | BoppinsLewinski the Centaur Fighter began the quest for the
                  | Orb.
     0 | D:1      | Reached XP level 1. HP: 19/19 MP: 1/1
     2 | D:1      | You fall into a shaft and drop 1 floor!
    51 | D:1      | Reached skill level 2 in Polearms
    87 | D:1      | Reached XP level 2. HP: 22/26 MP: 2/2
   275 | D:1      | Reached skill level 3 in Polearms
   335 | D:1      | Found a burning altar of Makhleb.
   337 | D:1      | Found a hide-covered altar of Uskayaw.
   337 | D:1      | Found a radiant altar of Vehumet.
   339 | D:1      | Found a shimmering blue altar of Sif Muna.
   339 | D:1      | Found a shimmering altar of Xom.
   339 | D:1      | Found a shimmering altar of Xom.
   468 | D:2      | Reached XP level 3. HP: 31/31 MP: 3/3
   928 | D:2      | Reached XP level 4. HP: 38/38 MP: 4/4
  1097 | D:1      | Reached skill level 4 in Polearms
  1417 | D:3      | Noticed a phantom
  1452 | D:3      | Killed a phantom
  1452 | D:3      | Reached skill level 5 in Polearms
  1452 | D:3      | Reached XP level 5. HP: 32/45 MP: 5/5
  2060 | D:4      | Reached XP level 6. HP: 36/51 MP: 6/6
  2308 | D:4      | Found Kuwiomusm's General Store.
  2316 | D:4      | Reached skill level 6 in Polearms
  2336 | D:4      | Noticed Sigmund
  2359 | D:4      | Killed Sigmund
  2378 | D:4      | Noticed Edmund
  2403 | D:4      | Killed Edmund
  2403 | D:4      | Reached skill level 7 in Polearms
  2403 | D:4      | Reached XP level 7. HP: 45/57 MP: 7/7
  2911 | D:4      | Reached skill level 8 in Polearms
  3255 | D:4      | Found a blossoming altar of Fedhas.
  3304 | D:4      | Bought a +2 cloak of poison resistance for 185 gold pieces
  3312 | D:5      | Entered Level 5 of the Dungeon
  3476 | D:5      | Reached XP level 8. HP: 55/63 MP: 8/8
  3663 | D:5      | Reached skill level 9 in Polearms
  3849 | D:5      | Found a staircase to the Ecumenical Temple.
  3858 | Temple   | Entered the Ecumenical Temple
  3928 | Temple   | Became a worshipper of Warmaster Okawaru
  4395 | D:6      | Reached skill level 10 in Polearms
  4421 | D:6      | Found a shadowy altar of Dithmenos.
  4513 | D:6      | Found a stormy altar of Qazlal.
  4516 | D:6      | Noticed an air elemental
  4675 | D:6      | Slain by a wyvern

Levels and vault maps discovered:
D:1:      lemuel_arrival_river_ford, layout_basic, hex_tiny, doesnt_xom_only_xom
D:2:      layout_loops_ring, minivault_19, kennysheep_boxes
D:3:      layout_basic, first_ration
D:4:      cheibrodos_quashed, layout_basic, lemuel_coloured_pillars_altar,
          serial_shops, shop, sigmund_edmund_badplayer
D:5:      layout_cave_pods, minmay_temple_entry_grid
D:6:      layout_cave_pools, nicolae_qazlal_style_of_elements, nicolae_sextant,
          nicolae_dithmenos_shadow_blocks
Temple:   dpeg_five_rooms_temple

Skill      XL: |  1  2  3  4  5  6  7  8 |
---------------+-------------------------+-----
Polearms       | 2 3 5 7 8 10 | 10.1
Fighting       | |  3.1
Armour         | |  2.3
Shields        | |  2.3
Invocations    | |  0.8
Evocations     | |  0.5

Action                   |  1- 3 |  4- 6 |  7- 9 || total
-------------------------+-------+-------+-------++-------
Melee: Trident           |   103 |   174 |   245 ||   522
       Kick              |    16 |    29 |    60 ||   105
  Use: Potion            |       |     9 |     2 ||    11
       Scroll            |       |     1 |       ||     1
 Stab: Invisible         |       |     3 |       ||     3
  Eat: Chunk             |       |     4 |     4 ||     8
       Ration            |       |       |     1 ||     1
Armor: Scale mail        |    24 |    38 |       ||    62
       Skin              |       |     8 |       ||     8
       Chain mail        |       |       |    82 ||    82
Dodge: Dodged            |    15 |    21 |    12 ||    48
Block: Shield            |    33 |    63 |    67 ||   163

Table legend:
 A = Non-vault XP
 B = Vault XP
 C = Vault XP percentage of total XP
 D = Non-vault monster count
 E = Vault monster count
 F = Vault count percentage of total count
                 A         B        C        D         E       F
            +---------+---------+-------+---------+---------+-------
      Total |    2030 |     358 |  15.0 |     130 |       2 |   1.5
            +---------+---------+-------+---------+---------+-------
        D:1 |      60 |       0 |   0.0 |      31 |       0 |   0.0
        D:2 |      58 |       0 |   0.0 |      14 |       0 |   0.0
        D:3 |     186 |       0 |   0.0 |      21 |       0 |   0.0
        D:4 |     566 |     358 |  38.7 |      28 |       2 |   6.7
        D:5 |     744 |       0 |   0.0 |      29 |       0 |   0.0
        D:6 |     416 |       0 |   0.0 |       7 |       0 |   0.0
            +---------+---------+-------+---------+---------+-------
